 Dungeon Crawl Stone Soup version 0.18.1-5-g4a78601 (webtiles) character file.

646 imganon the Chopper (level 7, -3/52 HPs)
             Began as a Demonspawn Berserker on May 13, 2016.
             Was a Priest of Trog.
             Slain by a river rat (4 damage)
             ... in a sewer.
             The game lasted 00:03:43 (2613 turns).

imganon the Chopper (Demonspawn Berserker)          Turns: 2613, Time: 00:03:44

Health: -3/52      AC:  6    Str: 20    XL:     7   Next: 27%
Magic:  7/7        EV: 12    Int:  8    God:    Trog [***...]
Gold:   106        SH:  0    Dex: 12    Spells: 0 memorised, 6 levels left

rFire  . . .     SeeInvis .     k - +0 war axe
rCold  + . .     Gourm    .     d - +0 leather armour
rNeg   . . .     Faith    .     (no shield)
rPois  .         Spirit   .     (no helmet)
rElec  .         Dismiss  .     (no cloak)
rCorr  .         Reflect  .     (no gloves)
SustAt .         Harm     .     p - +0 pair of boots
MR     .....                    (no amulet)
Stlth  +.........               (no ring)
                                (no ring)

@: not resistant to hostile enchantments, very unstealthy
A: claws 1, yellow scales 1, cold resistance 1, freezing cloud immunity
a: Berserk, Trog's Hand, Burn Spellbooks, Renounce Religion


You were in a sewer.
You worshipped Trog.
Trog was most pleased with you.
You were not hungry.

You visited 1 branch of the dungeon, and saw 3 of its levels.
You also visited: Sewer.

You collected 106 gold pieces.

Inventory:

Hand Weapons
 a - a +0 hand axe
 k - a +0 war axe (weapon)
Armour
 d - a +0 leather armour (worn)
 p - a +0 pair of boots (worn)
Scrolls
 b - a scroll of blinking {unknown}
 i - 2 scrolls of identify {unknown}
 r - a scroll of fear {unknown}
Potions
 e - a potion of lignification {unknown}
 g - 3 potions of degeneration {unknown}
 h - a potion of brilliance {unknown}
 l - a potion of agility {unknown}
 m - 4 potions of heal wounds {unknown}
 n - 3 potions of curing {unknown}
Comestibles
 c - a bread ration
 f - a beef jerky
 j - a royal jelly
 o - 2 meat rations
 q - a chunk of flesh


   Skills:
 - Level 3.0 Fighting
 + Level 7.8 Axes
 - Level 1.7 Armour
 - Level 1.7 Dodging


You had 6 spell levels left.
You didn't know any spells.

Dungeon Overview and Level Annotations

Branches:
Dungeon (3/15)

Altars:
Trog


Innate Abilities, Weirdness & Mutations

You have sharp fingernails.
You are partially covered in yellow scales (AC +2).
Your flesh is cold resistant.
You are immune to freezing clouds.


Message History

Your unstable footing causes you to fumble your attack.
The river rat bites you.
* * * LOW HITPOINT WARNING * * *
Unknown command.
Your unstable footing causes you to fumble your attack.
The river rat misses you.
Unknown command.
Your unstable footing causes you to fumble your attack.
You feel sick.
You are no longer poisoned.
The river rat barely misses you.
Unknown command.
Your unstable footing causes you to fumble your attack.
The river rat bites you but does no damage.
Unknown command.
Your unstable footing causes you to fumble your attack.
The river rat bites you.
* * * LOW HITPOINT WARNING * * *
The river rat bites you.
You die...

######### ##
###### #.#.#.#.#
#. .#.#.#
#≈#≈#≈#≈# #≈
≈#≈#≈# #≈#≈#≈#≈#
#≈ ≈#≈#≈#
#≈#≈#≈#≈#
#≈#≈#≈#≈#
#≈≈≈#≈≈†#
≈≈≈#≈≈≈#
##≈###.##
#r###†## #)# #≈#
#@# #.# #.###≈#
#≈###≈# #≈≈.≈≈#
#≈≈≈≈≈# ##.≈≈##
##≈.≈## #≈≈≈#
#.≈≈# #.≈.# #.≈.#
#.≈≈## ##≈≈≈#
#≈≈.≈## ##≈...#
###
#≈≈..≈#####..≈..#
#####.≈


You could see a river rat.

Vanquished Creatures
  7 big kobolds (Sewer)
  7 adders
  5 oozes
  2 worms (D:2)
  2 dart slugs
  4 giant geckos
  5 giant cockroaches
  7 goblins
  4 hobgoblins
  8 jackals
  A quokka (D:3)
  2 bats (D:1)
  4 kobolds
  15 rats
73 creatures vanquished.

Notes
Turn   | Place    | Note
--------------------------------------------------------------
     0 | D:1      | imganon the Demonspawn Berserker began the quest for the Orb.
     0 | D:1      | Reached XP level 1. HP: 18/18 MP: 1/1
    96 | D:1      | Reached skill level 3 in Axes
   109 | D:1      | Gained mutation: Your flesh is cold resistant. [demonic ancestry]
   109 | D:1      | Reached XP level 2. HP: 18/24 MP: 2/2
   691 | D:2      | Reached XP level 3. HP: 13/29 MP: 3/3
  1112 | D:2      | Reached skill level 4 in Axes
  1148 | D:2      | Reached ** piety under Trog
  1234 | D:2      | Found a bloodstained altar of Trog.
  1531 | D:3      | Reached XP level 4. HP: 35/35 MP: 4/4
  1534 | D:3      | Found a glowing drain.
  1554 | Sewer    | Entered a sewer
  1571 | Sewer    | Noticed a big kobold
  1598 | Sewer    | Killed a big kobold
  1598 | Sewer    | Reached skill level 5 in Axes
  1598 | Sewer    | Gained mutation: You have sharp fingernails. [demonic ancestry]
  1598 | Sewer    | Reached XP level 5. HP: 29/41 MP: 5/5
  1866 | Sewer    | Reached skill level 6 in Axes
  1872 | Sewer    | Reached *** piety under Trog
  1872 | Sewer    | Gained mutation: You are immune to freezing clouds. [demonic ancestry]
  1872 | Sewer    | Reached XP level 6. HP: 44/47 MP: 6/6
  2467 | Sewer    | Reached skill level 7 in Axes
  2522 | Sewer    | Gained mutation: You are partially covered in yellow scales (AC +2). [demonic ancestry]
  2522 | Sewer    | Reached XP level 7. HP: 43/52 MP: 7/7
  2613 | Sewer    | HP: 1/52 [river rat (6)]
  2613 | Sewer    | Slain by a river rat

Skill      XL: |  1  2  3  4  5  6 |
---------------+-------------------+-----
Axes           | 3 4 5 6 7 |  7.8
Fighting       | |  3.0
Armour         | |  1.7
Dodging        | |  1.7

Action                   |  1- 3 |  4- 6 |  7- 9 || total
-------------------------+-------+-------+-------++-------
Melee: Hand axe          |    80 |       |       ||    80
       War axe           |    49 |   107 |    33 ||   189
Invok: Berserk           |       |     1 |       ||     1
  Eat: Chunk             |     2 |     1 |       ||     3
       Bread ration      |       |     1 |       ||     1
Armor: Leather armour    |    40 |    25 |     9 ||    74
       Animal skin       |     1 |       |       ||     1
Dodge: Dodged            |   116 |    61 |    14 ||   191
